 Dungeon Crawl Stone Soup version 0.30-a0-1160-g6e42c06551 (webtiles) character file.

Game seed: 4056484043996628770

61897 CryoSword the Brawler (level 14, -5/140 HPs)
             Began as a Troll Gladiator on Apr 26, 2023.
             Was the Champion of Makhleb.
             Slain by a skeletal warrior
             ... wielding a +0 battleaxe
              (19 damage)
             ... on level 13 of the Dungeon.
             The game lasted 00:44:17 (18735 turns).

CryoSword the Brawler (Troll Gladiator)            Turns: 18735, Time: 00:44:17

Health: -5/140     AC: 20    Str: 29    XL:     14   Next: 62%
Magic:  20/20      EV: 16    Int:  4    God:    Makhleb [******]
Gold:   128        SH:  5    Dex: 11    Spells: 13/13 levels left

rFire   . .          .
                       - Unarmed
rCold   . . .        (no shield)
rNeg    . . .        V - +1 swamp dragon scales
rPois   +            b - +2 hat
rElec   .            j - +1 cloak
rCorr   .            (gloves unavailable)
SInv    .            (boots unavailable)
Will    +....        i - amulet of reflection
Stlth   +            G - +5 ring of evasion {=R}
HPRegen 1.23/turn    g - +4 ring of protection
MPRegen 0.17/turn

%: reflection
@: studying Transmutations
A: large, unfitting armour, claws 3, regeneration 1, shaggy fur 1, tough skin 1
a: Renounce Religion, Minor Destruction, Lesser Servant of Makhleb, Major
Destruction, Greater Servant of Makhleb


You were on level 13 of the Dungeon.
You worshipped Makhleb.
Makhleb was exalted by your worship.
You visited 3 branches of the dungeon, and saw 20 of its levels.
You also visited: Sewer and Bailey.

You collected 1416 gold pieces.
You spent 1288 gold pieces at shops.

Inventory:

Hand Weapons
 d - a +0 scimitar of flaming
   (You took it off Erica on level 2 of the Lair of Beasts)
Missiles
 c - 7 throwing nets (quivered)
 H - 5 large rocks
 I - 2 poisoned darts
 J - 6 curare-tipped darts
 K - 5 boomerangs
 L - 2 javelins
Armour
 b - a +2 hat (worn)
 j - a +1 cloak (worn)
   (You found it on level 1 of the Dungeon)
 V - +1 swamp dragon scales (worn)
   (You took it off a spriggan in a bailey)
Jewellery
 g - a +4 ring of protection (right claw)
   (You found it on level 7 of the Dungeon)
 i - an amulet of reflection (around neck)
   (You found it on level 1 of the Dungeon)
 n - a ring of protection from cold
   (You found it on level 12 of the Dungeon)
 p - a ring of fire
   (You found it on level 1 of the Lair of Beasts)
 x - a ring of willpower
   (You bought it in a shop on level 2 of the Dungeon)
 G - a +5 ring of evasion (left claw) {=R}
   (You found it on level 5 of the Dungeon)
Wands
 r - a wand of charming (6)
   (You found it on level 2 of the Dungeon)
 v - a wand of quicksilver (6)
   (You found it on level 3 of the Dungeon)
 z - a wand of digging (5)
   (You found it on level 4 of the Dungeon)
 O - a wand of flame (43)
   (You found it on level 8 of the Dungeon)
 R - a wand of roots (4)
   (You found it on level 2 of the Lair of Beasts)
Scrolls
 e - 16 scrolls of teleportation {@r4}
 o - a scroll of brand weapon {unknown}
 q - a scroll of silence
 t - 3 scrolls of fog
 y - 2 scrolls of fear
 C - 3 scrolls of blinking
 F - 2 scrolls of butterflies
 Q - 4 scrolls of magic mapping
 T - 5 scrolls of enchant armour
Potions
 a - 5 potions of haste {@q3}
 f - 7 potions of resistance
 h - 4 potions of lignification {!q}
 k - 6 potions of attraction {!q}
 l - 3 potions of cancellation
 m - 8 potions of might
 s - 6 potions of berserk rage
 w - 14 potions of ambrosia
 A - 5 potions of heal wounds {@q2}
 B - 8 potions of curing {@q1}
 D - a potion of mutation {!q}
 E - 3 potions of flight
 P - 5 potions of invisibility
Miscellaneous
 u - a box of beasts (inert)
   (You found it on level 13 of the Dungeon)
 M - a lightning rod (inert) {!a}
   (You found it on level 7 of the Dungeon)
 N - a phial of floods (inert)
   (You found it on level 7 of the Dungeon)


   Skills:
 + Level 9.2 Fighting
 - Level 10.0 Throwing
 + Level 7.8 Armour
 - Level 6.0 Dodging
 * Level 15.3 Unarmed Combat
 + Level 10.2 Invocations


You had 13 spell levels left.
You didn't know any spells.
Your spell library contained the following spells:

 Spells                   Type           Power      Damage    Failure   Level
 Sublimation of Blood     Necr           0%         N/A       75%         2
 Stone Arrow              Conj/Erth      0%         3d7       93%         3
 Tukima's Dance           Hex            0%         N/A       93%         3
 Vhi's Electric Charge    Tloc/Air       0%         N/A       93%         3
 Anguish                  Hex/Necr       0%         N/A       100%        4
 Animate Armour           Summ/Erth      0%         N/A       100%        4
 Cause Fear               Hex            0%         N/A       100%        4
 Passage of Golubria      Tloc           0%         N/A       100%        4
 Petrify                  Tmut/Erth      0%         N/A       100%        4
 Arcjolt                  Conj/Air       0%         1d10      100%        5
 Irradiate                Conj/Tmut      0%         3d11      100%        5
 Iskenderun's Battlesphe  Conj           0%         2d6       100%        5
 Yara's Violent Unravell  Hex/Tmut       0%         3d3       100%        5
 Iron Shot                Conj/Erth      0%         9d1       100%        6
 Dragon Form              Tmut           0%         N/A       100%        7
 Enfeeble                 Hex            0%         N/A       100%        7
 Spellforged Servitor     Conj/Summ      0%         N/A       100%        7
 Lehudib's Crystal Spear  Conj/Erth      0%         10d2      100%        8
 Maxwell's Capacitive Co  Air            0%         ∞         100%        8
 Dragon's Call            Summ           0%         N/A       100%        9


Dungeon Overview and Level Annotations

Branches:
Dungeon (14/15)            Temple (1/1) D:5            Lair (5/5) D:9
 Shoals (0/4) Lair:3        Snake (0/4) Lair:3        Slime (0/5) Lair:5
    Orc (0/2) D:10          Sewer (visited)          Bailey (visited)
 Vaults: D:13-14

Altars:
Cheibriados
Dithmenos
Fedhas
Gozag
Kikubaaqudgha
Makhleb
Nemelex Xobeh
Okawaru
Ru
Wu Jian
Xom
Yredelemnul
Zin
The Shining One
Jiyva
Lugonu

Shops:
D:2 **   D:10 ((

Portals:
Abyss: Lair:5
Ice
Cave: D:14

Annotations:
D:7 1 runed translucent door, Essalna's ghost, novice TeAE
D:10 3 runed translucent doors, Anamonty's ghost, journeyman OpVM; NoOffense's ghost, journeyman TrMo; Zigma's ghost, journeyman DrMo; atomjack's ghost, journeyman DsIE


Innate Abilities, Weirdness & Mutations

You are too large for most types of armour.
You have claws for hands.
Your natural rate of healing is unusually fast.
You are covered in fur. (AC +1)
You have tough skin. (AC +1)


Message History

You scratch the purple ugly thing but do no damage.
The green ugly thing basks in the mutagenic energy from its kin and changes!
The purple ugly thing trunk-slaps you but does no damage.
The brown ugly thing basks in the mutagenic energy from its kin and changes!
Aim: a skeletal warrior, wielding a +0 war axe The thunderbolt hits the purple ugly thing!
The thunderbolt hits the brown ugly thing!!
The thunderbolt hits the skeletal warrior!!
You hear a shout!
The purple ugly thing trunk-slaps you!
The brown ugly thing basks in the mutagenic energy from its kin and changes!
Aim: a green ugly thing The thunderbolt hits the purple ugly thing!! x3
The thunderbolt hits the green ugly thing!
The thunderbolt hits the boulder beetle!
The thunderbolt hits the skeletal warrior!
The thunderbolt hits the skeletal warrior.
The thunderbolt hits the purple ugly thing!
The thunderbolt hits the skeletal warrior!
The purple ugly thing trunk-slaps you.
Aim: a skeletal warrior, wielding a +0 war axe (moderately damaged)
The thunderbolt hits the purple ugly thing!! x2
The thunderbolt hits the purple ugly thing! x2
The thunderbolt hits the boulder beetle!
The thunderbolt hits the skeletal warrior!!
The thunderbolt hits the skeletal warrior but does no damage.
The thunderbolt hits the green ugly thing!
The thunderbolt hits the skeletal warrior!
You hear a shout!
The white ugly thing basks in the mutagenic energy from its kin and changes!
The purple ugly thing closely misses you.
Aim: a green ugly thing The thunderbolt hits the purple ugly thing!!
You kill the purple ugly thing!
Makhleb accepts your kill.
You feel better.
The thunderbolt hits the purple ugly thing!!
You kill the purple ugly thing!
Makhleb accepts your kill.
You feel better.
The thunderbolt hits the purple ugly thing!!!
You kill the purple ugly thing!
Makhleb accepts your kill.
The thunderbolt hits the purple ugly thing!!
The thunderbolt hits the boulder beetle!!
The thunderbolt hits the skeletal warrior!
The thunderbolt hits the skeletal warrior!!
The thunderbolt hits the green ugly thing!
The thunderbolt hits the brown ugly thing!!
The thunderbolt hits the green ugly thing!
The thunderbolt hits the skeletal warrior!
The lightning rod overheats!
You hear a shout!
The white ugly thing barely misses you.
You mangle the white ugly thing!! The white ugly thing misses you.
The green ugly thing basks in the mutagenic energy from its kin and changes!
You mangle the white ugly thing!!
The skeletal warrior hits you from afar with a +0 glaive!
The green ugly thing basks in the mutagenic energy from its kin and changes!
The white ugly thing completely misses you.
You claw the white ugly thing!
The purple ugly thing punches you but does no damage.
The skeletal warrior hits you from afar with a +0 glaive!
The white ugly thing misses you.
You scratch the white ugly thing.
You block the purple ugly thing's attack.
You closely miss the white ugly thing.
The skeletal warrior hits you but does no damage.
The white ugly thing tentacle-slaps you!
The white ugly thing freezes you!
The brown ugly thing basks in the mutagenic energy from its kin and changes!
You claw the white ugly thing!
You kill the white ugly thing!
Makhleb accepts your kill. The purple ugly thing punches you!
The skeletal warrior hits you from afar with a +0 glaive!
Training target 10.0 for Throwing reached!
Your Throwing skill increases to level 10!
You barely miss the purple ugly thing. The purple ugly thing misses you.
You claw the purple ugly thing!
The skeletal warrior hits you from afar with a +0 glaive!
* * * LOW HITPOINT WARNING * * *
You block the purple ugly thing's attack.
You closely miss the purple ugly thing.
A skeletal warrior comes into view. It is wielding a +0 halberd.
The skeletal warrior hits you from afar with a +0 glaive!
* * * LOW HITPOINT WARNING * * *
The brown ugly thing basks in the mutagenic energy from its kin and changes!
You see here an ugly thing corpse.
You closely miss the purple ugly thing.
You block the purple ugly thing's attack.
The boulder beetle leaps!
You mangle the purple ugly thing!!
You kill the purple ugly thing!
Makhleb accepts your kill.
Found a stone staircase leading down.
You mangle the skeletal warrior!!
You destroy the skeletal warrior!
Makhleb accepts your kill.
You feel better.
The boulder beetle curls into a ball and begins rolling!
You scratch the skeletal warrior but do no damage.
The skeletal warrior hits you but does no damage.
You scratch the skeletal warrior but do no damage.
You mangle the skeletal warrior!!
The boulder beetle hits you but does no damage.
The boulder beetle stops rolling and uncurls.
The skeletal warrior hits you with a +0 war axe!
* * * LOW HITPOINT WARNING * * *
You scratch the skeletal warrior.
The boulder beetle bites you but does no damage.
The skeletal warrior hits you with a +0 war axe.
* * * LOW HITPOINT WARNING * * *
The skeletal warrior attacks as you move away!
The skeletal warrior hits you with a +0 flail!
* * * LOW HITPOINT WARNING * * *
Found a scroll labelled TYKYWU TETEDDA.
The boulder beetle misses you.
The skeletal warrior attacks as you move away!
You block the skeletal warrior's attack.
The boulder beetle bites you but does no damage.
The skeletal warrior attacks as you move away!
The skeletal warrior hits you but does no damage.
A skeletal warrior comes into view. It is wielding a +0 battleaxe.
The boulder beetle attacks as you move away!
The boulder beetle bites you but does no damage.
You scratch the skeletal warrior.
The boulder beetle attacks as you move away!
The boulder beetle bites you!
* * * LOW HITPOINT WARNING * * *
The skeletal warrior misses you.
The boulder beetle attacks as you move away!
The boulder beetle bites you!
* * * LOW HITPOINT WARNING * * *
The boulder beetle curls into a ball and begins rolling!
The skeletal warrior hits you but does no damage.
There is a stone staircase leading up here.
The boulder beetle hits you but does no damage.
The boulder beetle stops rolling and uncurls.
The skeletal warrior hits you with a +0 battleaxe.
* * * LOW HITPOINT WARNING * * *
You climb upwards.
There is a stone staircase leading down here.
Okay, then.
A demon appears!
The boulder beetle bites you!
* * * LOW HITPOINT WARNING * * *
You block the skeletal warrior's attack.
The boulder beetle curls into a ball and begins rolling!
The skeletal warrior attacks as you move away!
The skeletal warrior hits you with a +0 battleaxe!!
You die...

#...............###..#..###.
#...................###.....
#...........................
#...........................
#....##########..########...
#..........#..#..#..........
#..........#.B#..#..........
#########..#z.####.......###
#..........@4...............
#...........................
#...........................
#...(.......................
#####..####...##############
#...#..#..#......#........#.
#...#..#..#......#........#.
#...#..#..#......#....######
#...#..#......#..#....#...#.


You could see a boulder beetle (rolling), a skeletal warrior (ally target) and a
friendly hellwing (summoned).

Vanquished Creatures
  Rupert (D:14)
  Snorg (Lair:4)
  A hydra (Lair:4)
  3 two-headed ogres
  2 boulder beetles
  A centaur warrior (D:13)
  Erica (Lair:2)
  A tengu warrior (D:13)
  4 death yaks (Lair:2)
  4 thrashing horrors (Lair:5)
  Sonja (Lair:2)
  A skeletal warrior (D:14)
  Amaemon (D:11)
  A skyshark (Lair:5)
  A wizard (D:12)
  A mana viper (shapeshifter) (Lair:5)
  A cyclops (D:13)
  2 manticores
  9 ugly things
  2 black mambas
  10 elephants
  4 smoke demons (Lair:5)
  A gargoyle (D:12)
  A cane toad (shapeshifter) (Lair:5)
  5 cane toads
  An unseen horror (D:11)
  An orange demon (D:11)
  A rime drake (Lair:1)
  A kobold demonologist (D:7)
  Psyche (D:11)
  A tengu conjurer (D:13)
  4 komodo dragons
  3 meliai (D:13)
  An ancient zyme (Lair:5)
  A merfolk (D:9)
  3 trolls
  A hornet (shapeshifter) (Lair:5)
  A polar bear (Lair:3)
  A queen bee (Lair:3)
  Grinder (D:3)
  Prince Ribbit (D:6)
  23 blink frogs
  7 dream sheep (Lair:5)
  A shadow (D:13)
  8 slime creatures
  A wyvern (Lair:2)
  6 spriggans (Bailey)
  4 wraiths
  44 yaks
  A chaos spawn (Lair:5)
  2 steam dragons
  6 vampire mosquitoes
  3 fire bats (Lair:3)
  5 basilisks
  Menkaure (D:7)
  2 acid dragons
  3 nagas (Lair:3)
  8 water moccasins
  Duvessa (D:6)
  A black bear (D:6)
  6 orc warriors
  Pargi (Sewer)
  3 ice beasts (D:7)
  A black bear (shapeshifter) (Lair:5)
  32 wolves
  11 centaurs
  6 ogres
  4 phantoms
  4 kobold brigands
  9 bullfrogs
  2 scorpions
  3 gnoll sergeants
  10 wights
  Dowan (D:6)
  31 killer bees
  3 electric eels
  11 howler monkeys
  8 orc priests
  13 hounds
  5 hell rats (Lair:5)
  A sleepcap (D:4)
  9 orc wizards
  An iguana (D:7)
  8 small abominations (Lair:5)
  A centaur simulacrum (D:8)
  17 gnolls
  6 adders
  A river rat (D:6)
  5 white imps
  An ufetubus (D:8)
  A worm (D:4)
  A dart slug (D:1)
  47 orcs
  6 ball pythons
  6 endoplasms
  7 giant cockroaches
  5 hobgoblins
  13 kobolds
  A quokka (D:4)
  11 bats
  2 frilled lizards
  13 goblins
  6 rats
543 creatures vanquished.

Vanquished Creatures (collateral kills)
  2 spriggans (Bailey)
2 creatures vanquished.

Vanquished Creatures (others)
  A vampire mosquito (D:7)
  An orc (D:10)
  9 fungi
  32 plants
43 creatures vanquished.

Grand Total: 588 creatures vanquished

Notes
Turn   | Place    | Note
-------+----------+-------------------------------------------
     0 | D:1      | CryoSword the Troll Gladiator began the quest for the Orb.
     0 | D:1      | Reached XP level 1. HP: 19/19 MP: 0/0
   157 | D:1      | Reached XP level 2. HP: 26/28 MP: 1/1
   655 | D:2      | Found Kaschask's General Store.
   667 | D:2      | Bought a scroll of identify for 20 gold pieces
   667 | D:2      | Bought a scroll of identify for 20 gold pieces
   700 | D:2      | Reached XP level 3. HP: 35/35 MP: 2/2
   754 | D:2      | Found Ciniqis's General Store.
  1061 | D:2      | Found Nint's Magic Scroll Shop.
  1065 | D:2      | Bought a scroll of fear for 56 gold pieces
  1618 | D:3      | Found a faded altar of an unknown god.
  1645 | D:3      | Noticed Grinder
  1679 | D:3      | Found a shadowy altar of Dithmenos.
  1729 | D:3      | Reached XP level 4. HP: 42/42 MP: 3/3
  1741 | D:3      | Found a blossoming altar of Fedhas.
  1929 | D:3      | You fall into a shaft and drop 2 floors!
  1929 | D:5      | Entered Level 5 of the Dungeon
  1950 | D:4      | Reached skill level 4 in Unarmed Combat
  2066 | D:4      | Reached XP level 5. HP: 37/50 MP: 4/4
  2364 | D:3      | Killed Grinder
  2365 | D:3      | Reached skill level 5 in Unarmed Combat
  2365 | D:3      | Reached XP level 6. HP: 59/59 MP: 5/5
  2669 | D:2      | Bought a potion of mutation for 104 gold pieces
  2669 | D:2      | Bought a scroll of enchant armour for 97 gold pieces
  2945 | D:5      | Found a staircase to the Ecumenical Temple.
  2947 | D:5      | Reached XP level 7. HP: 50/67 MP: 6/6
  2979 | Temple   | Entered the Ecumenical Temple
  3012 | Temple   | Became a worshipper of Makhleb the Destroyer
  3199 | D:5      | Reached skill level 6 in Unarmed Combat
  3383 | D:5      | Reached skill level 1 in Invocations
  3789 | D:6      | Noticed Duvessa
  3789 | D:6      | Noticed Dowan
  3800 | D:6      | Reached XP level 8. HP: 75/76 MP: 8/8
  3808 | D:6      | Killed Duvessa
  3816 | D:6      | Killed Dowan
  3857 | D:6      | Found a glowing drain.
  3863 | D:6      | Reached * piety under Makhleb
  3875 | Sewer    | Entered a sewer
  3914 | Sewer    | Noticed Pargi
  3927 | Sewer    | Killed Pargi
  3928 | Sewer    | Reached skill level 7 in Unarmed Combat
  4129 | D:6      | Noticed Prince Ribbit
  4154 | D:6      | Killed Prince Ribbit
  4812 | D:7      | Reached XP level 9. HP: 82/84 MP: 10/10
  4897 | D:7      | Reached skill level 8 in Unarmed Combat
  4900 | D:7      | Reached skill level 5 in Throwing
  4910 | D:7      | Reached skill level 5 in Dodging
  4940 | D:7      | Noticed Menkaure
  4955 | D:7      | Killed Menkaure
  5011 | D:7      | Identified the +0 robe of Quantum Leap {-Cast Regen+
                  | Slay+3}
  5075 | D:7      | Found a runed translucent door.
  5076 | D:7      | Noticed Essalna's ghost (novice TeAE)
  5169 | D:7      | Noticed a kobold demonologist
  5170 | D:7      | Noticed a troll
  5171 | D:7      | Noticed a two-headed ogre
  5178 | D:7      | Killed a kobold demonologist
  5179 | D:7      | Reached skill level 5 in Fighting
  5193 | D:7      | Reached skill level 9 in Unarmed Combat
  5200 | D:7      | Killed a two-headed ogre
  5201 | D:7      | Reached XP level 10. HP: 75/96 MP: 12/12
  5258 | D:7      | Identified the staff of cold "Saoxi" {rF+ rC+ Str+2 Stlth+}
  5544 | D:8      | Reached ** piety under Makhleb
  5857 | D:8      | Reached skill level 10 in Unarmed Combat
  5907 | D:8      | Reached skill level 5 in Invocations
  6303 | D:9      | Noticed a two-headed ogre
  6320 | D:9      | Killed a two-headed ogre
  6380 | D:9      | Reached *** piety under Makhleb
  6476 | D:9      | Found a staircase to the Lair.
  6572 | D:9      | Found a flagged portal.
  6596 | Bailey   | Entered a bailey
  6629 | Bailey   | Reached XP level 11. HP: 105/105 MP: 14/14
  6705 | Bailey   | Reached skill level 11 in Unarmed Combat
  6787 | Bailey   | Identified the +0 flail "Jampib" {flame, +Blink}
  6790 | Bailey   | Noticed a two-headed ogre
  6822 | Bailey   | Killed a two-headed ogre
  7116 | D:9      | Found a glowing silver altar of Zin.
  7121 | D:9      | Found a glowing golden altar of the Shining One.
  7330 | D:10     | Entered Level 10 of the Dungeon
  7609 | D:10     | Reached **** piety under Makhleb
  7634 | D:10     | Found a staircase to the Orcish Mines.
  7764 | D:10     | Found Fieloemm's Antique Weapon Emporium.
  7784 | D:10     | Found Qestraa Ucisa's Weapon Shop.
  7932 | D:10     | Found a runed translucent gate.
  7933 | D:10     | Found a runed translucent gate.
  7933 | D:10     | Found a runed translucent gate.
  7934 | D:10     | Noticed atomjack's ghost (journeyman DsIE)
  7934 | D:10     | Noticed NoOffense's ghost (journeyman TrMo)
  7935 | D:10     | Noticed Anamonty's ghost (journeyman OpVM)
  7935 | D:10     | Noticed Zigma's ghost (journeyman DrMo)
  8712 | D:2      | Bought a scroll of enchant weapon for 105 gold pieces
  8712 | D:2      | Bought a scroll of magic mapping for 105 gold pieces
  8712 | D:2      | Bought a scroll of enchant armour for 105 gold pieces
  8772 | D:2      | Bought a potion of ambrosia for 80 gold pieces
  8772 | D:2      | Bought a scroll of enchant armour for 75 gold pieces
  8944 | D:11     | Noticed Psyche
  8955 | D:11     | Killed Psyche
  8956 | D:11     | Reached skill level 1 in Armour
  9128 | D:2      | Bought a scroll of identify for 28 gold pieces
  9128 | D:2      | Bought a scroll of identify for 28 gold pieces
  9413 | D:11     | Noticed Amaemon
  9435 | D:11     | Killed Amaemon
  9462 | D:11     | Reached skill level 12 in Unarmed Combat
 10122 | Lair:1   | Entered Level 1 of the Lair of Beasts
 10186 | Lair:1   | Reached XP level 12. HP: 98/118 MP: 16/16
 10188 | Lair:1   | Reached ***** piety under Makhleb
 11602 | Lair:2   | Noticed a death yak
 11602 | Lair:2   | Noticed a death yak
 11602 | Lair:2   | Noticed a death yak
 11602 | Lair:2   | Noticed a death yak
 11828 | Lair:2   | Killed a death yak
 11829 | Lair:2   | Reached skill level 13 in Unarmed Combat
 11832 | Lair:2   | Killed a death yak
 11835 | Lair:2   | Killed a death yak
 11836 | Lair:2   | Killed a death yak
 11837 | Lair:2   | Reached skill level 5 in Armour
 11943 | Lair:2   | Noticed Sonja
 12003 | Lair:2   | Killed Sonja
 12023 | Lair:2   | Noticed Erica
 12036 | Lair:2   | Killed Erica
 12037 | Lair:2   | Reached XP level 13. HP: 114/127 MP: 17/17
 12067 | Lair:2   | You fall into a shaft and drop 1 floor!
 12128 | Lair:3   | Found a staircase to the Shoals.
 13026 | Lair:3   | Reached ****** piety under Makhleb
 13326 | Lair:3   | Found a staircase to the Snake Pit.
 14324 | Lair:4   | Noticed Snorg
 14339 | Lair:4   | Killed Snorg
 14340 | Lair:4   | Reached skill level 14 in Unarmed Combat
 14552 | Lair:5   | Entered Level 5 of the Lair of Beasts
 14776 | Lair:5   | Found a runed translucent door.
 14777 | Lair:5   | Found a viscous altar of Jiyva.
 14781 | Lair:5   | Found a staircase to the Slime Pits.
 15912 | Lair:5   | Reached XP level 14. HP: 132/137 MP: 11/19
 16075 | Lair:5   | Found a corrupted altar of Lugonu.
 16075 | Lair:5   | Found a one-way gate to the infinite horrors of the Abyss.
 17086 | D:2      | Bought a scroll of teleportation for 42 gold pieces
 17086 | D:2      | Bought a scroll of identify for 28 gold pieces
 17086 | D:2      | Bought a scroll of identify for 28 gold pieces
 17086 | D:2      | Bought a scroll of teleportation for 42 gold pieces
 17136 | D:2      | Bought a ring of willpower for 325 gold pieces
 17547 | D:13     | Identified a scroll of acquirement
 17549 | D:13     | Acquired a manual of Transmutations
 17644 | D:13     | Found a sparkling altar of Nemelex Xobeh.
 17898 | D:13     | Reached skill level 15 in Unarmed Combat
 18329 | D:13     | Reached skill level 10 in Invocations
 18677 | D:14     | Noticed Rupert
 18677 | D:14     | Found a frozen archway.
 18692 | D:14     | Killed Rupert
 18708 | D:14     | Reached skill level 10 in Throwing
 18735 | D:13     | Slain by a skeletal warrior

Illustrated notes

Levels and vault maps discovered:
D:1:      tekkud_arrival_beachfront_property, layout_basic, minivault_11,
          corner_web_ring
D:2:      layout_loops_corners, serial_shops, shop, shop, shop, serial_rivers,
          chequers_serial_rivers_large_b, chequers_serial_rivers_small_3,
          chequers_serial_rivers_room_a, chequers_serial_rivers_room_b,
          chequers_serial_rivers_micro_c, chequers_serial_rivers_marsh
D:3:      layout_basic, mainiacjoe_overflow_paths,
          grunt_dithmenos_smoke_and_mirrors, hellmonk_ecumenical_altar_run_dry,
          uniq_grinder
D:4:      layout_rooms
D:5:      layout_loops_ring, minmay_temple_entry_proselytizer, serial_rivers,
          chequers_serial_rivers_micro_a, chequers_serial_rivers_micro_e,
          chequers_serial_rivers_small_a, chequers_serial_rivers_micro_c,
          chequers_serial_rivers_micro_e
D:6:      layout_basic, cheibrodos_sewer_entry_sluice, uniq_duvessa,
          uniq_prince_ribbit1
D:7:      minmay_the_grid_octo_triangle [minmay_the_grid_octo_tetromino_candy,
          minmay_the_grid_octo_prize_square_snowflake,
          minmay_the_grid_octo_checkerflower], layout_rooms,
          ebering_ghost_reflecting_pool, wad_floor_pattern_1,
          hangedman_abyss_or_decor_slice, uniq_menkaure
D:8:      layout_loops_ring, serial_ice, serial_ice_l, serial_ice_g,
          serial_ice_a, serial_ice_b, serial_ice_h, serial_ice_d
D:9:      layout_rooms, mainiacjoe_overflow_big_doors, dpeg_oklobed_lair,
          enter_bailey_5, hangedman_fish_farm
D:10:     layout_loops_ring, hiddenorc2_lemuel, gammafunk_ghost_cemetery,
          nicolae_wooded_promenade
D:11:     layout_stronghold, uniq_amaemon, uniq_psyche
D:12:     layout_long_grid, kennysheep_generic_room_16
D:13:     layout_grid_maze, nemelex_spade_bored_becter
D:14:     layout_cave_pools, grunt_vaults_entry_tiered, elyvilon_altar_1,
          portal_ice_cave_entry_pillars_three, item_on_display_a, uniq_rupert
Temple:   compressed_dpeg_circular_temple
Lair:1:   beast_lair_carwin_large_4, layout_long_grid, serial_rivers,
          chequers_serial_rivers_small_a, chequers_serial_rivers_micro_d,
          chequers_serial_rivers_room_a, chequers_serial_rivers_large_a
Lair:2:   layout_cave_pods, serial_bayou_lake_a, grunt_megastairs_2, uniq_erica,
          uniq_sonja
Lair:3:   layout_gridlike, minmay_shoals_entry_centaurs,
          nicolae_snake_entry_squirm, special_room [special_room_bee]
Lair:4:   layout_cave_pods, uniq_snorg
Lair:5:   hellmonk_lair_end_abyssal_woods, layout_cave_pods, slime_entry_2,
          grunt_megastairs_5

Skill      XL: |  1  2  3  4  5  6  7  8  9 10 11 12 13 14 |
---------------+-------------------------------------------+-----
Throwing       | 2 3 4 5 6 7 8 9 10 | 10.0
Fighting       | 2 3 4 5 6 7 8 9 |  9.2
Unarmed Combat | 4 5 6 7 9 10 12 13 14 15 | 15.3
Dodging        | 3 4 5 6 |  6.0
Invocations    | 1 2 4 5 6 7 9 10 | 10.2
Armour         | 2 5 7 |  7.8

Action                     |  1- 3 |  4- 6 |  7- 9 | 10-12 | 13-15 || total
---------------------------+-------+-------+-------+-------+-------++-------
  Melee: Unarmed           |   113 |    71 |   212 |   690 |   683 ||  1769
         Punch             |     1 |     3 |    10 |    47 |    51 ||   112
         Scimitar          |       |       |       |       |     4 ||     4
  Throw: Large rock        |       |     1 |     2 |     1 |       ||     4
         Dart              |       |       |     6 |     5 |     2 ||    13
         Javelin           |       |       |       |     6 |       ||     6
         Throwing net      |       |       |       |     3 |     2 ||     5
 Invoke: Minor Destruction |       |       |       |     2 |       ||     2
         Lesser Servant of |       |       |       |       |     1 ||     1
  Evoke: Wand              |       |     1 |     3 |    16 |       ||    20
         Lightning rod     |       |       |       |     4 |     4 ||     8
         Phial of floods   |       |       |       |     1 |     1 ||     2
         Box of beasts     |       |       |       |       |     1 ||     1
    Use: Scroll            |     2 |     5 |     2 |     8 |    12 ||    29
   Stab: Sleeping          |     2 |       |       |       |       ||     2
         Distracted        |       |       |       |     1 |       ||     1
         Held in net/web   |       |       |       |       |     4 ||     4
 Armour: Robe              |    42 |    10 |    32 |    62 |       ||   146
         Troll leather arm |       |       |    23 |       |       ||    23
         Swamp dragon scal |       |       |       |   183 |   308 ||   491
  Dodge: Dodged            |    51 |    36 |   124 |   492 |   508 ||  1211
  Block: Other             |    25 |    17 |    44 |   157 |   140 ||   383
         Reflection        |       |     4 |     2 |     4 |     3 ||    13

Table legend: (Time is in decaauts)
 A = Elapsed time spent in this place.
 B = Non-inter-level travel time spent in this place.
 C = Inter-level travel time spent in this place.
 D = Time resting spent in this place.
 E = Time spent auto-exploring this place.
 F = Levels seen in this place.
 G = Mean time per level.
                   A        B        C        D        E       F      G
               +--------+--------+--------+--------+--------+-----+--------+
         Total |  18423 |  16299 |   2124 |    222 |  11867 |  22 |  837.4 |
       Dungeon |  11975 |  10127 |   1848 |    116 |   7600 |  14 |  855.4 |
        Temple |     45 |     34 |     11 |      0 |     19 |   1 |   45.0 |
          Lair |   5983 |   5719 |    264 |     91 |   4159 |   5 | 1196.6 |
         Sewer |    104 |    104 |      0 |      0 |     16 |   1 |  104.0 |
        Bailey |    314 |    314 |      0 |     15 |     73 |   1 |  314.0 |
               +--------+--------+--------+--------+--------+-----+--------+

Top non-repeatable levels by time:
  Lair:5: 1593 daAuts
  Lair:1: 1489 daAuts
     D:2: 1316 daAuts
    D:11: 1168 daAuts
    D:13: 1108 daAuts
    D:10: 1082 daAuts
  Lair:2: 1026 daAuts
  Lair:3: 1022 daAuts
     D:5: 963 daAuts
     D:8: 938 daAuts
     D:7: 856 daAuts
     D:6: 852 daAuts
  Lair:4: 850 daAuts
     D:9: 805 daAuts
    D:12: 785 daAuts
